AoeStats
← _LY_抖音肥龙

Arena

506859886Analyzed
4v4 RM · 16d ago on Sep 15, 2026· 53m 31s· 8 players
Game mode
Random Map
Map size
Large (8 player)
Population
200
Speed
Normal
Resources
Standard
Victory
Conquest
Starting age
Dark Age
Ending age
Imperial Age
RankedLock teamsTeams togetherTeam positionsShared explorationLock speedFull tech treeHidden civsTurbo modeCheats
Victory
Defeat
🇧🇪 Bengalis · Belgium
1825
+9
🇭🇰 Inca · Hong Kong SAR China
1805
+10
🇸🇬 Dravidians · Singapore
1798
+10
🇷🇺 Japanese · Russia
1727
+13
🇨🇳 Britons · China
1747
-13
🇸🇰 Vietnamese · Slovakia
1740
-13
🇨🇿 Teutons · Czechia
1625
-9
🇸🇰 Khmer · Slovakia
1556
-7
Vegeta
10:05 Feudal Age
13:39 Castle Age
12:06 Double-Bit Axe
12:08 Horse Collar
14:53 Bow Saw
15:25 Heavy Plow
19:37 Wheelbarrow
21:33 Hand Cart
21:58 Gold Mining
28:23 Imperial Age
25:49 Loom
25:49 Town Watch
25:56 Fletching
26:24 Stone Mining
26:56 Ballistics
26:47 Bodkin Arrow
27:56 Padded Archer Armor
28:11 Thumb Ring
28:36 Masonry
28:26 Elite Elephant Archer
29:35 Bracer
30:36 Chemistry
30:40 Two-Man Saw
30:27 Conscription
30:15 Medical Corps
31:09 Leather Archer Armor
31:51 Guilds
35:23 Coinage
36:37 Banking
36:07 Caravan
37:10 Ring Archer Armor
36:40 Murder Holes
37:13 Scale Mail Armor
36:34 Pikeman
37:15 Squires
37:00 Arson
37:04 Elite Skirmisher
38:32 Forging
41:26 Chain Mail Armor
41:46 Iron Casting
40:58 Halberdier
42:05 Wootz Steel
43:03 Plate Mail Armor
44:23 Blast Furnace
Chaos
10:49 Feudal Age
14:33 Castle Age
12:28 Double-Bit Axe
12:44 Horse Collar
21:48 Wheelbarrow
21:47 Gold Mining
23:28 Caravan
27:04 Imperial Age
25:01 Scale Barding Armor
24:45 Loom
25:22 Hand Cart
25:40 Heavy Plow
26:04 Bloodlines
25:59 Husbandry
27:06 Elite Battle Elephant
28:08 Chain Barding Armor
28:57 Paiks
29:09 Forging
28:57 Treadmill Crane
30:17 Conscription
34:31 Iron Casting
40:37 Gold Shaft Mining
45:22 Plate Barding Armor
45:48 Blast Furnace
48:00 Chemistry
47:12 Masonry
48:15 Caravan
51:36 Crop Rotation
52:10 Mahayana
52:18 Bow Saw
_LY_抖音肥龙
10:26 Feudal Age
13:58 Castle Age
12:02 Double-Bit Axe
12:38 Horse Collar
20:12 Wheelbarrow
21:36 Bow Saw
22:29 Heavy Plow
23:51 Hand Cart
23:40 Gold Mining
27:26 Imperial Age
24:43 Loom
24:39 Treadmill Crane
25:21 Scale Mail Armor
26:40 Gold Shaft Mining
25:56 Stone Mining
26:55 Chain Mail Armor
26:51 Forging
27:23 Champi Runner
28:09 Squires
28:40 Plate Mail Armor
28:32 Conscription
27:33 Capped Ram
28:25 Pikeman
29:42 Iron Casting
28:28 Elite Kamayuk
29:12 Halberdier
30:19 Halberdier
30:56 Onager
32:51 Blast Furnace
33:33 Siege Engineers
33:20 Fletching
34:57 Ballistics
34:33 Bodkin Arrow
35:36 Bracer
35:47 Masonry
36:41 Chemistry
36:22 Champi Warrior
37:50 Caravan
38:14 Guilds
38:45 Hoardings
40:41 Elite Champi Warrior
42:30 Fabric Shields
42:00 Siege Ram
43:27 Padded Archer Armor
44:03 Thumb Ring
44:00 Andean Sling
46:04 Leather Archer Armor
48:02 Ring Archer Armor
48:54 Fortified Wall
48:59 Murder Holes
51:56 Coinage
53:12 Banking
53:20 Crop Rotation
Eugenius
6:38 Loom
9:57 Feudal Age
14:05 Castle Age
12:26 Double-Bit Axe
12:36 Horse Collar
15:51 Bow Saw
21:46 Wheelbarrow
22:49 Gold Mining
27:44 Imperial Age
25:47 Fletching
26:24 Padded Archer Armor
27:00 Bodkin Arrow
29:30 Parthian Tactics
28:26 Heavy Cavalry Archer
29:08 Stone Mining
29:43 Bracer
30:48 Chemistry
30:07 Treadmill Crane
31:31 Two-Man Saw
31:57 Leather Archer Armor
31:52 Bloodlines
31:42 Husbandry
31:50 Guard Tower
31:46 Arrowslits
32:21 Ballistics
32:39 Yasama
33:56 Ring Archer Armor
34:02 Keep
33:38 Masonry
35:12 Conscription
37:34 Hand Cart
37:59 Siege Engineers
38:20 Thumb Ring
40:29 Town Watch
41:40 Kataparuto
41:56 Hoardings
44:40 Murder Holes
45:41 Heavy Plow
46:44 Scale Barding Armor
46:49 Forging
46:46 Light Cavalry
50:52 Chain Barding Armor
51:08 Iron Casting
kivarmicz
10:44 Feudal Age
14:25 Castle Age
12:43 Double-Bit Axe
13:18 Horse Collar
15:23 Bow Saw
15:14 Heavy Plow
18:06 Wheelbarrow
20:18 Hand Cart
20:26 Gold Mining
26:47 Imperial Age
24:19 Loom
24:42 Scale Barding Armor
24:48 Forging
26:15 Chain Barding Armor
27:12 Iron Casting
26:48 Elite Battle Elephant
28:04 Husbandry
28:40 Plate Barding Armor
28:06 Devotion
28:07 Stone Mining
28:47 Bloodlines
28:42 Chatras
28:48 Chatras
30:03 Iron Casting
29:34 Fletching
31:56 Bloodlines
33:44 Light Cavalry
35:00 Bodkin Arrow
36:24 Bracer
37:29 Caravan
39:10 Siege Engineers
47:42 Coinage
49:18 Banking
52:02 Fortified Wall
53:41 Paper Money
tim.13
10:14 Feudal Age
14:24 Castle Age
12:15 Double-Bit Axe
12:41 Horse Collar
15:10 Wheelbarrow
16:04 Bow Saw
22:48 Gold Mining
23:08 Stone Mining
24:28 Gold Shaft Mining
28:17 Imperial Age
25:38 Loom
26:05 Fletching
26:42 Bodkin Arrow
26:47 Padded Archer Armor
27:09 Ballistics
27:53 Fortified Wall
28:26 Leather Archer Armor
29:01 Bracer
29:22 Conscription
29:10 Elite Longbowman
30:16 Yeomen
31:16 Ring Archer Armor
31:49 Chemistry
31:19 Town Watch
31:50 Hand Cart
34:12 Coinage
35:30 Banking
35:02 Caravan
38:31 Capped Ram
40:40 Hoardings
40:58 Scale Mail Armor
41:07 Pikeman
41:47 Squires
41:33 Gambesons
42:03 Halberdier
44:03 Two-Man Saw
43:33 Chain Mail Armor
43:28 Forging
43:51 Forging
45:01 Plate Mail Armor
45:36 Warwolf
46:47 Iron Casting
49:07 Blast Furnace
Rank
10:46 Feudal Age
14:47 Castle Age
13:25 Double-Bit Axe
13:24 Horse Collar
17:28 Bow Saw
18:38 Loom
23:33 Wheelbarrow
23:00 Stone Mining
27:46 Imperial Age
25:25 Gold Mining
26:31 Ballistics
27:17 Ironclad
29:41 Chemistry
29:02 Conscription
28:29 Heavy Scorpion
29:14 Heavy Plow
31:37 Two-Man Saw
30:47 Fletching
31:24 Siege Engineers
31:40 Town Watch
34:48 Crenellations
34:57 Bodkin Arrow
49:11 Capped Ram
feshark
10:05 Feudal Age
10:14 Loom
13:31 Castle Age
11:40 Double-Bit Axe
12:19 Horse Collar
16:45 Wheelbarrow
18:02 Bow Saw
21:05 Town Watch
22:55 Heavy Plow
22:57 Gold Mining
24:13 Hand Cart
24:03 Stone Mining
25:33 Stone Shaft Mining
25:21 Town Patrol
29:49 Imperial Age
27:34 Fletching
30:04 Gold Shaft Mining
30:14 Masonry
31:00 Fortified Wall
31:51 Chemistry
32:37 Bodkin Arrow
33:06 Ballistics
34:46 Conscription
46:20 Crop Rotation
45:55 Scale Mail Armor
46:06 Forging
46:08 Pikeman
46:33 Arson
47:05 Chain Mail Armor
48:11 Iron Casting
50:47 Halberdier
Connection lost

Rejoining the realm…

Still unreachable

The connection could not be restored.

Session expired

The server has moved on; the page needs a fresh start.